 Dungeon Crawl Stone Soup version 0.27.1-4-g1640c2035a (webtiles) character file.

Game seed: 4801556093626435601

51 pkoi the Shield-Bearer (level 3, -2/31 HPs)
             Began as a Hill Orc Fighter on Nov 13, 2021.
             Was a Follower of Fedhas.
             Slain by an orc (3 damage)
             ... on level 2 of the Dungeon.
             The game lasted 00:02:17 (1511 turns).

pkoi the Shield-Bearer (Hill Orc Fighter)           Turns: 1511, Time: 00:02:18

Health: -2/31      AC:  6    Str: 19    XL:     3   Next: 81%
Magic:  3/3        EV:  7    Int:  8    God:    Fedhas [*.....]
Gold:   16         SH:  9    Dex: 10    Spells: 2/2 levels left

rFire    . . .     SeeInvis .   a - +0 long sword
rCold    . . .     Faith    .   c - +0 kite shield
rNeg     + . .     Spirit   .   b - +0 scale mail
rPois    .         Reflect  .   (no helmet)
rElec    .         Harm     .   (no cloak)
rCorr    .         Rampage  .   (no gloves)
Will     .....                  (no boots)
Stlth    ..........             (no amulet)
HPRegen  0.10/turn              h - ring of positive energy
MPRegen  0.08/turn              (no ring)

@: no status effects
A: no striking features
a: Renounce Religion, Convert to Beogh


You were on level 2 of the Dungeon.
You worshipped Fedhas.
Fedhas was aware of your devotion.
You visited 1 branch of the dungeon, and saw 2 of its levels.

You collected 16 gold pieces.

Inventory:

Hand Weapons
 a - a +0 long sword (weapon)
Armour
 b - a +0 scale mail (worn)
 c - a +0 kite shield (worn)
Jewellery
 h - a ring of positive energy (left hand)
Scrolls
 e - 2 scrolls of magic mapping {unknown}
 f - a scroll of blinking {unknown}
 i - a scroll of amnesia {unknown}
 k - 3 scrolls of identify {unknown}
Potions
 d - a potion of might
 g - a potion of heal wounds {unknown}
 j - a potion of lignification {unknown}


   Skills:
 - Level 3.6 Fighting
 + Level 3.4 Long Blades
 - Level 3.2 Armour
 + Level 4.3 Shields


You had 2 spell levels left.
You didn't know any spells.
Your spell library contained the following spells:

 Spells                   Type           Power      Damage    Failure   Level
 Animate Skeleton         Necr           0%         N/A       99%         1
 Apportation              Tloc           0%         N/A       99%         1
 Corona                   Hex            0%         N/A       99%         1
 Summon Small Mammal      Summ           0%         N/A       99%         1


Dungeon Overview and Level Annotations

Branches:
Dungeon (2/15)

Altars:
Fedhas


Message History

You are too injured to fight recklessly!
You are too injured to fight recklessly!
You completely miss the orc. The orc hits you but does no damage.
You block the orc's attack. The orc hits you but does no damage.
You closely miss the orc.
The orc priest shouts, "Beogh is our master!
Accept the truth or die!"
The orc priest looks encouraged for a moment.
The orc barely misses you.
You riposte.
You slash the orc!
You kill the orc!
Fedhas appreciates your contribution to the ecosystem.
The orc hits you with a +0 dagger. The orc hits you with a +0 falchion.
The orc priest hits you with a +0 whip.
* * * LOW HITPOINT WARNING * * *
You block the orc's attack. The orc completely misses you.
The orc hits you but does no damage. The orc priest closely misses you.
You block the orc's attack.
Things that are here:
a +0 club; 4 boomerangs; an orc corpse Your shield and scale mail prevent you from hitting the orc priest.
The orc priest shouts, "Beogh is our master!
Accept the truth or die!"
You block the orc's attack. The orc priest hits you with a +0 whip.
* * * LOW HITPOINT WARNING * * *
The orc hits you but does no damage. x2; The orc hits you with a +0 whip.
* * * LOW HITPOINT WARNING * * *
You hit the orc priest.
The orc priest is lightly wounded.
You block the orc priest's attack. The orc hits you but does no damage.
The orc hits you with a +0 falchion.
* * * LOW HITPOINT WARNING * * *
The orc hits you but does no damage. The orc priest completely misses you.
The orc hits you with a +0 dagger.
* * * LOW HITPOINT WARNING * * *
The orc closely misses you.
You slash the orc priest!
The orc priest is severely wounded.
The orc priest shouts, "Beogh is our master!
Accept the truth or die!"
The orc barely misses you. You block the orc priest's attack.
The orc hits you with a +0 dagger.
You die...
Fedhas appreciates your contribution to the ecosystem.

#........................#
#.......)................#
#........................#
#....)#######............#
##....##...##............###
....#.#.....#...............
##..#.......#............##
##....#.....#...oo).......#
......##...##..o@o.##<....+
##.##.###.###..###..#.....#
##.##......†..#####.#.....#
....<............>...######
##.#.##.####.######..# #
#.##.# #.# ..# #.##.# #o...#
#.# #.## # .......... #.#
#.......#.


You could see an orc priest and 3 orcs.

Vanquished Creatures
  An adder (D:2)
  2 orcs (D:2)
  4 endoplasms (D:1)
  3 giant cockroaches (D:1)
  5 goblins
  4 hobgoblins (D:1)
  2 quokkas (D:1)
  2 ball pythons (D:1)
  6 bats
  3 kobolds
  4 rats
36 creatures vanquished.

Notes
Turn   | Place    | Note
-------+----------+-------------------------------------------
     0 | D:1      | pkoi the Hill Orc Fighter began the quest for the Orb.
     0 | D:1      | Reached XP level 1. HP: 19/19 MP: 1/1
   201 | D:1      | Reached XP level 2. HP: 3/26 MP: 2/2
   679 | D:1      | You fall into a shaft and drop 1 floor!
   712 | D:1      | Reached XP level 3. HP: 14/31 MP: 3/3
   921 | D:1      | Reached skill level 4 in Shields
  1327 | D:1      | Found a faded altar of an unknown god.
  1332 | D:1      | Became a worshipper of Fedhas Madash
  1332 | D:1      | Reached * piety under Fedhas
  1510 | D:2      | HP: 1/31 [orc (3)]
  1511 | D:2      | Slain by an orc

Illustrated notes

Levels and vault maps discovered:
D:1:      lightli_arrival_noodles, layout_loops_ring,
          shapermc_ecumenical_altar_petra
D:2:      cheibrodos_pilgrimage, layout_basic, basic_altar,
          minmay_misc_feat_enclosed, bh_walls_and_bars

Skill      XL: |  1  2  3 |
---------------+----------+-----
Long Blades    | 3 |  3.4
Shields        | 4 |  4.3
Fighting       | |  3.6
Armour         | |  3.2

Action                   || total
-------------------------++-------
Melee: Long sword        ||   112
Armor: Scale mail        ||    90
Dodge: Dodged            ||    45
Block: Kite shield       ||    97
       Rpst.: Long sword ||    12
